 Dungeon Crawl Stone Soup version 0.26-a0-613-g4f23886233 (webtiles) character file.

Game seed: 2301651466695732531

2398 Hores the Geomancer (level 9, -7/47 HPs)
             Began as a Gargoyle Earth Elementalist on Sept 11, 2020.
             Killed from afar by an orc (25 damage)
             ... with a bolt of acid
             ... on level 7 of the Dungeon.
             The game lasted 00:14:37 (7874 turns).

Hores the Geomancer (Gargoyle Earth Elementalist)   Turns: 7874, Time: 00:14:38

Health: -7/47      AC: 10    Str: 12    XL:     9   Next: 46%
Magic:  9/19       EV: 12    Int: 19    God:
Gold:   139        SH:  0    Dex: 10    Spells: 12/21 levels left

rFire    . . .     SeeInvis .   t - +2 short sword (venom)
rCold    + . .     Faith    .   (no shield)
rNeg     + . .     Spirit   .   E - +1 robe {rC+}
rPois    ∞         Reflect  .   (no helmet)
rElec    +         Harm     .   (no cloak)
rCorr    .                      w - +0 pair of gloves
MR       .....                  (no boots)
Stlth    ++........             l - amulet of the acrobat
HPRegen  0.15/turn              (no ring)
MPRegen  0.16/turn              (no ring)

@: no status effects
A: negative energy resistance 1, electricity resistance, unbreathing,
petrification resistance, rot immunity, AC +6
a: no special abilities


You were on level 7 of the Dungeon.
You visited 2 branches of the dungeon, and saw 8 of its levels.

You collected 463 gold pieces.
You spent 324 gold pieces at shops.

Inventory:

Hand Weapons
 e - a +0 short sword
 f - a +1 whip of electrocution
 g - a +2 dagger of venom
 h - a +0 mace
 t - a +2 short sword of venom (weapon)
 u - a +0 flail
Missiles
 b - 128 stones (quivered)
Armour
 w - a +0 pair of gloves (worn)
 E - a +1 robe of cold resistance (worn)
Jewellery
 l - an amulet of the acrobat (around neck)
 x - an uncursed amulet of regeneration {unknown}
 A - an uncursed ring of ice
Wands
 c - a wand of digging (4)
 k - a wand of paralysis (14)
 y - a wand of flame (11)
 C - a wand of enslavement (6)
 H - a wand of iceblast (7)
Scrolls
 o - 4 scrolls of remove curse
 r - 2 scrolls of fog
 v - a scroll of teleportation
 D - a scroll of immolation
 K - a scroll of enchant weapon
Potions
 a - 3 potions of haste
 d - a potion of invisibility
 i - 2 potions of resistance
 j - 2 potions of brilliance
 m - 2 potions of ambrosia
 n - a potion of lignification {unknown}
 p - 2 potions of cancellation
 q - a potion of heal wounds {unknown}
 s - a potion of flight {unknown}
 z - 2 potions of berserk rage
 B - 3 potions of stabbing
 F - a potion of degeneration {unknown}
 G - a potion of curing


   Skills:
 + Level 1.3 Fighting
 + Level 1.2 Maces & Flails
 + Level 1.3 Armour
 + Level 2.0 Dodging
 - Level 2.1 Stealth
 + Level 6.7 Spellcasting
 + Level 7.1 Conjurations
   Level 0.7 Transmutations
 + Level 9.1 Earth Magic
 + Level 1.0 Evocations


You had 12 spell levels left.
You knew the following spells:

 Your Spells              Type           Power        Failure   Level
a - Sandblast             Erth           #####.       1%          1
b - Stone Arrow           Conj/Erth      #####.       1%          3
c - Lee's Rapid Deconstr  Erth           #####.....   7%          5

Your spell library contained the following spells:

 Spells                   Type           Power        Failure   Level
 Magic Dart               Conj           ####         1%          1
 Passwall                 Tmut/Erth      ####....     1%          2
 Conjure Flame            Conj/Fire      ###.....     7%          3
 Mephitic Cloud           Conj/Pois/Air  ###.....     12%         3
 Petrify                  Tmut/Erth      ####....     14%         4
 Blink                    Tloc           N/A          16%         2
 Call Imp                 Summ           #.......     16%         2
 Slow                     Hex            #.......     16%         2


Dungeon Overview and Level Annotations

Branches:
Dungeon (7/15)             Temple (1/1) D:6

Altars:
Ashenzari
Cheibriados
Dithmenos
Elyvilon
Fedhas
Gozag
Hepliaklqana
Kikubaaqudgha
Makhleb
Nemelex Xobeh
Okawaru
Qazlal
Ru
Sif Muna
Trog
Uskayaw
Wu Jian
Xom
Yredelemnul
Zin
The Shining One

Shops:
D:4 :   D:6 :   D:7 ?


Innate Abilities, Weirdness & Mutations

You are resistant to torment.
Your stone body is resilient. (AC +6)
You are immune to poison.
You resist negative energy. (rN+)
You are resistant to electric shocks. (rElec)
You can survive without breathing.
You are immune to petrification.
You are immune to rotting.


Message History

Press: ? - help, Dir - move target cursor A rock wall.
That beam is likely to hit you.
Continue anyway?
Okay, then.
Okay, then.
Casting: Lee's Rapid Deconstruction (quite dangerous; 7% risk of failure)
Confirm with . or Enter, or press ? or * to list all spells.
The spell is quite dangerous to cast (7% risk of failure)!
Continue anyway?
Press: ? - help, Dir - move target cursor A rock wall.
The wall shatters!
The blast of rock fragments hits something!!
Reactivating autopickup.
Your Dodging skill increases to level 2!
You feel a bit more experienced.
You hear a shout!
The iguana barely misses you. The orc hits you but does no damage.
The orc zaps a wand.
The bolt of acid hits you!!
Ouch! That really hurt!
You die...

..... ... ..###
.......####.###...# .
..).......##.##.^#
...l...............#####
......#..........#.#...#
.................#.#...#
#..............##.......
......##.......#........
......o@.....#.#...#####
#####.lo....##...###
#)......##...#######
.....#...###..........
...##.##...#.......<...
.... .. #...............
..# ... ...(##........##
.. .... ..####......#..#
.......#...


You could see an iguana and 2 orcs.

Vanquished Creatures
  Pikel (D:5)
  Grinder (D:6)
  Eustachio (D:6)
  An orc warrior (D:7)
  3 centaurs
  2 ogres
  2 lemures (D:5)
  Blork the orc (D:6)
  A bullfrog (D:7)
  A howler monkey (D:4)
  4 hounds
  A jelly (D:7)
  4 orc priests
  An iguana (D:6)
  13 orc wizards
  2 worker ants
  A hound zombie (D:6)
  6 adders
  4 gnolls
  A howler monkey skeleton (D:6)
  A shadow imp (D:5)
  A white imp (D:6)
  An ufetubus (D:6)
  An ooze (D:2)
  An adder skeleton (D:5)
  3 worms
  6 leopard geckos
  24 orcs
  A ball python (D:4)
  12 bats
  2 giant cockroaches
  10 hobgoblins
  6 jackals
  3 frilled lizards
  5 goblins
  A jackal skeleton (D:6)
  10 kobolds
  A leopard gecko skeleton (D:6)
  A leopard gecko zombie (D:6)
  6 rats
147 creatures vanquished.

Notes
Turn   | Place    | Note
-------+----------+-------------------------------------------
     0 | D:1      | Hores the Gargoyle Earth Elementalist began the quest for
                  | the Orb.
     0 | D:1      | Reached XP level 1. HP: 10/10 MP: 3/3
   329 | D:1      | Reached XP level 2. HP: 15/15 MP: 3/5
   390 | D:1      | Reached skill level 4 in Earth Magic
   583 | D:1      | You fall into a shaft and drop 1 floor!
   685 | D:2      | Reached XP level 3. HP: 10/19 MP: 1/7
   690 | D:2      | Learned a level 3 spell: Stone Arrow
  1698 | D:2      | Reached skill level 1 in Conjurations
  1921 | D:4      | Reached XP level 4. HP: 24/24 MP: 5/8
  2051 | D:4      | Reached skill level 5 in Earth Magic
  2147 | D:4      | Reached XP level 5. HP: 23/28 MP: 3/10
  2214 | D:4      | Learned a level 5 spell: Lee's Rapid Deconstruction
  2802 | D:3      | Found a burning altar of Makhleb.
  2819 | D:3      | Noticed a balrug
  2822 | D:3      | Noticed an orange demon
  2822 | D:3      | Noticed a neqoxec
  3524 | D:4      | Noticed a centaur
  3533 | D:4      | Killed a centaur
  3533 | D:4      | Reached XP level 6. HP: 20/32 MP: 11/11
  3675 | D:4      | Reached skill level 6 in Earth Magic
  3915 | D:4      | Reached XP level 7. HP: 25/36 MP: 13/13
  4271 | D:4      | Found Raunaif's Book Shoppe.
  4588 | D:4      | Found a bloodstained altar of Trog.
  4608 | D:5      | Entered Level 5 of the Dungeon
  4738 | D:5      | Noticed Pikel
  4773 | D:5      | Killed Pikel
  4773 | D:5      | Reached skill level 5 in Spellcasting
  4773 | D:5      | Reached skill level 5 in Conjurations
  4773 | D:5      | Reached skill level 7 in Earth Magic
  4773 | D:5      | Reached XP level 8. HP: 13/41 MP: 6/15
  5226 | D:5      | Found an opulent altar of Gozag.
  5226 | D:5      | Found a glowing golden altar of the Shining One.
  5237 | D:5      | Found a glowing silver altar of Zin.
  5251 | D:5      | Found a shimmering altar of Xom.
  5253 | D:5      | Found a shadowy altar of Dithmenos.
  5262 | D:5      | Found a shattered altar of Ashenzari.
  6104 | D:6      | Reached skill level 8 in Earth Magic
  6152 | D:6      | Found a sparkling altar of Nemelex Xobeh.
  6289 | D:6      | Noticed Grinder
  6310 | D:6      | Killed Grinder
  6421 | D:6      | Reached XP level 9. HP: 45/45 MP: 12/18
  6521 | D:6      | Found a sacrificial altar of Ru.
  6782 | D:6      | Found a shimmering blue altar of Sif Muna.
  6808 | D:6      | Found a staircase to the Ecumenical Temple.
  6834 | Temple   | Entered the Ecumenical Temple
  6985 | D:6      | Found Vessioh's Book Shop.
  7147 | D:6      | Noticed Blork the orc
  7154 | D:6      | Killed Blork the orc
  7154 | D:6      | Reached skill level 9 in Earth Magic
  7528 | D:6      | Found a stormy altar of Qazlal.
  7629 | D:6      | Noticed Eustachio
  7655 | D:6      | Killed Eustachio
  7655 | D:6      | Reached skill level 1 in Fighting
  7757 | D:7      | Found Wieno's Magic Scroll Shop.
  7758 | D:7      | Reached skill level 1 in Maces & Flails
  7771 | D:7      | Reached skill level 1 in Armour
  7779 | D:7      | Bought a scroll of identify for 26 gold pieces
  7779 | D:7      | Bought a scroll of identify for 26 gold pieces
  7779 | D:7      | Bought a scroll of identify for 26 gold pieces
  7779 | D:7      | Bought 2 scrolls of identify for 52 gold pieces
  7779 | D:7      | Bought a scroll of enchant armour for 97 gold pieces
  7779 | D:7      | Bought a scroll of enchant weapon for 97 gold pieces
  7870 | D:7      | Reached skill level 1 in Evocations
  7874 | D:7      | Killed from afar by an orc

Illustrated notes

Levels and vault maps discovered:
D:1:      dpeg_arrival_simpleton_c, layout_basic
D:2:      layout_basic
D:3:      layout_basic, makhleb_altar_promises_db, skrybe_limestone_x,
          minmay_pentangle
D:4:      layout_basic, lightli_temple_of_fire, serial_shops, shop
D:5:      layout_basic, kennysheep_little_box, grunt_temple_overflow_open,
          uniq_pikel
D:6:      layout_basic, old_standard_altar, overflow_temple_1_default,
          lemuel_round_altar, lemuel_coloured_pillars_altar,
          minmay_temple_entry_nine_rooms, serial_shops, kennysheep_mini_moat,
          uniq_grinder, uniq_eustachio, uniq_blork_the_orc
D:7:      layout_cave_pools, vehumet_crystals, serial_shops, shop, uniq_harold
Temple:   dpeg_three_leaves_temple

Skill      XL: |  1  2  3  4  5  6  7  8  9 |
---------------+----------------------------+-----
Earth Magic    | 4 5 6 7 8 9 |  9.1
Conjurations   | 1 2 3 5 6 7 |  7.1
Spellcasting   | 3 4 5 6 |  6.7
Fighting       | 1 |  1.3
Maces & Flails | 1 |  1.2
Armour         | 1 |  1.3
Evocations     | 1 |  1.0
Dodging        | 2 |  2.0
Stealth        | |  2.1
Transmutations | |  0.7

Action                   |  1- 3 |  4- 6 |  7- 9 || total
-------------------------+-------+-------+-------++-------
Melee: Unarmed           |    10 |       |       ||    10
       Short sword       |    45 |       |   250 ||   295
       Dagger            |    43 |   120 |    17 ||   180
 Cast: Sandblast         |    20 |    15 |    35 ||    70
       Stone Arrow       |       |     1 |       ||     1
       Lee's Rapid Decon |       |       |     6 ||     6
Evoke: Wand              |       |       |     1 ||     1
  Use: Scroll            |     5 |     2 |    11 ||    18
       Potion            |       |       |     2 ||     2
 Stab: Sleeping          |     3 |     2 |     9 ||    14
       Paralysed         |       |       |     5 ||     5
Armor: Robe              |    31 |    47 |   109 ||   187
Dodge: Dodged            |    81 |    93 |   205 ||   379

Table legend: (Time is in decaauts)
 A = Elapsed time spent in this place.
 B = Non-inter-level travel time spent in this place.
 C = Inter-level travel time spent in this place.
 D = Time resting spent in this place.
 E = Time spent auto-exploring this place.
 F = Levels seen in this place.
 G = Mean time per level.
                   A        B        C        D        E       F      G
               +--------+--------+--------+--------+--------+-----+--------+
         Total |   7902 |   7715 |    187 |   1510 |   4767 |   8 |  987.8 |
       Dungeon |   7797 |   7626 |    171 |   1510 |   4679 |   7 | 1113.9 |
        Temple |    104 |     88 |     16 |      0 |     88 |   1 |  104.0 |
               +--------+--------+--------+--------+--------+-----+--------+

Top non-repeatable levels by time:
     D:4: 1988 daAuts
     D:6: 1642 daAuts
     D:5: 1422 daAuts
     D:1: 1203 daAuts
     D:3: 793 daAuts
     D:2: 630 daAuts
     D:7: 118 daAuts
  Temple: 104 daAuts
